 Dungeon Crawl Stone Soup version 0.16.2-12-gd0ad4c3 (webtiles) character file.

84423 hannobal the Phalangite (level 16, -7/81 HPs)
             Began as a Formicid Fighter on Oct 1, 2015.
             Was a High Priest of Nemelex Xobeh.
             Killed from afar by a wretched star (14 damage)
             ... with an orb of energy
             ... on level 1 of the Abyss on Oct 4, 2015.
             The game lasted 02:53:48 (35880 turns).

hannobal the Phalangite (Formicid Fighter)         Turns: 35880, Time: 02:53:48

Health: -7/81      AC: 13    Str: 20      XL:     16   Next: 27%
Magic:  18/18      EV:  8    Int:  0 (7)  God:    Nemelex Xobeh [*****.]
Gold:   2894       SH: 12    Dex:  9      Spells: 0 memorised, 15 levels left

rFire  + . .     SeeInvis +     a - +8 bardiche (freeze)
rCold  . . .     Clarity  .     p - +0 plate armour {rPois}
rNeg   + . .     SustAb   .     c - +0 shield
rPois  +         Gourm    .     (helmet unavailable)
rElec  .         Spirit   .     l - +0 cloak
rCorr  .         Warding  .     J - +1 pair of gloves
rMut   .         Stasis   +     B - +0 pair of boots
MR     +....                    R - amulet of regeneration
Stlth  ..........               m - ring of protection from fire
                                n - ring of positive energy

@: lost intelligence, drained, very slow, somewhat resistant to hostile
enchantments, extremely unstealthy
A: permanent stasis, dig shafts and tunnels, four strong arms, antennae 3,
blurry vision 3, breathe flames 1, clumsy 2, deformed body, deterioration 3,
dopey 1, frail 3, low mp 3, screaming 3, slow healing 1, weak 2, no device heal
2, forlorn, placid magic 3, MP-powered wands 1
a: Dig, Shaft Self, Triple Draw, Deal Four, Stack Five, Renounce Religion,
Breathe Fire


You were on level 1 of the Abyss.
You worshipped Nemelex Xobeh.
Nemelex Xobeh was extremely pleased with you.
You were hungry.

You visited 4 branches of the dungeon, and saw 23 of its levels.
You visited the Abyss 1 time.
You also visited: Bailey.

You collected 2961 gold pieces.
You spent 63 gold pieces at shops.

Inventory:

Hand weapons
 a - a +8 bardiche of freezing (weapon)
 b - the +1 hand crossbow "Shapneaw" {freeze, rF+ Str-3 Dex+2}
   (You found it on level 7 of the Lair of Beasts)

   It causes projectiles fired from it to freeze those they strike, causing
   extra injury to most foes and up to half again as much damage against
   particularly susceptible opponents.
   They can also slow down cold-blooded creatures.
   It affects your strength (-3).
   It affects your dexterity (+2).
   It protects you from fire.
 k - a +1 battleaxe of flaming
 o - the +4 quarterstaff of Prap {holy, rElec Dex+2}
   (You found it in a bailey)

   It has been blessed by the Shining One to cause great damage to the undead
   and demons.
   It affects your dexterity (+2).
   It insulates you from electricity.
 w - the +6 trident "Uxathis" {pierce, Int+3}
   (You found it on level 4 of the Lair of Beasts)

   It inflicts extra damage upon your enemies.
   It affects your intelligence (+3).
 D - a +0 blowgun
Missiles
 e - 43 tomahawks (quivered)
 G - 4 javelins
 L - 157 bolts
 S - 4 curare-tipped needles
Armour
 c - a +0 shield (worn)
 l - a +0 cloak (worn)
 p - a +0 plate armour of poison resistance (worn)
 B - a +0 pair of boots (worn)
 J - a +1 pair of gloves (worn)
Jewellery
 f - an uncursed ring of flight
 m - a ring of protection from fire (right hand)
 n - a ring of positive energy (left hand)
 t - an uncursed ring of protection from magic
 C - an uncursed amulet of clarity
 R - an amulet of regeneration (around neck)
 U - an uncursed ring of ice
Magical devices
 h - a wand of heal wounds (1)
 T - a wand of confusion (22)
 W - a wand of paralysis (4)
 Y - a wand of lightning (0)
Scrolls
 i - a scroll of identify
 r - 11 scrolls of remove curse
 H - 6 scrolls of magic mapping
 M - a scroll of recharging
 Q - 2 scrolls of fear
Potions
 s - 3 potions of heal wounds
 x - a potion of might
 I - 2 potions of agility
 N - 3 potions of cancellation
 P - 6 potions of curing
Miscellaneous
 u - a legendary deck of escape {Swap, left: 2}
 F - an ornate deck of escape {Swap, left: 1}
 K - a plain deck of war {drawn: 4}
 V - a legendary deck of war {the Helm, left: 2}
 X - a fan of gales (inert)
 Z - a plain deck of war
Comestibles
 d - 12 bread rations {@e1}
 g - a chunk of flesh {@w0}
 y - 6 meat rations {@e2}


   Skills:
 - Level 8.0(7.8) Fighting
 - Level 21.0(20.7) Polearms
   Level 2.2(2.3) Slings
 - Level 1.0(0.8) Crossbows
 - Level 1.0(1.2) Throwing
 - Level 7.3(7.1) Armour
 - Level 6.0(5.8) Dodging
 + Level 12.1(11.9) Shields
 - Level 5.0(4.8) Evocations


You had 15 spell levels left.
You didn't know any spells.

Dungeon Overview and Level Annotations

Branches:
Dungeon (10/15)            Temple (1/1) D:4            Lair (8/8) D:9
 Shoals (0/5) Lair:6        Snake (0/5) Lair:4        Slime (0/6) Lair:7
    Orc (4/4) D:10            Elf (0/3) Orc:4

Altars:
Ashenzari
Cheibriados
Dithmenos
Elyvilon
Fedhas
Gozag
Kikubaaqudgha
Makhleb
Nemelex Xobeh
Okawaru
Qazlal
Ru
Sif Muna
Trog
Vehumet
Xom
Yredelemnul
Zin
The Shining One
Beogh

Shops:
D:10 [   Orc:4 %%

Annotations:
Lair:7 exclusion: 2 oklob plants
Orc:2 exclusion: 2 upstairs


Innate Abilities, Weirdness & Mutations

You are under a permanent stasis effect.
You can dig through walls and to a lower floor.
Your four strong arms can wield two-handed weapons with a shield.
You have a pair of large antennae on your head (SInv).
You can breathe flames.
Armour fits poorly on your strangely shaped body.
You heal slowly when monsters are visible.
[Scrolls take you much longer to read.]
[You are very clumsy. (Dex -4)]
[Your body is rapidly deteriorating.]
[You are dopey. (Int -2)]
[You are extremely frail (-30% HP).]
[Your magical capacity is extremely low (-30% MP).]
[You frequently scream uncontrollably at your foes.]
[You are very weak. (Str -4)]
[Potions and wands are poor at restoring your health.]
[You have difficulty communicating with the divine.]
[Your spells are much easier to cast, but much less powerful.]
[You expend magic power (3 MP) to slightly strengthen your wands.]


Message History

Your red devil twists and deforms.
Your red devil hops backward while attacking.
Your red devil closely misses the small abomination.
The small abomination hits your red devil!!
Your red devil dies!
The wretched star glows turbulently.
The orb of energy hits the small abomination.
The small abomination is destroyed!
You can move again.
The wretched star glows turbulently.
The orb of energy hits you!
* * * LOW HITPOINT WARNING * * *
The wretched star glows turbulently.
You block the orb of energy.
You scream at the white imp!
A white imp comes into view.
The wretched star glows turbulently.
The orb of energy hits you!
You die...
Your body glows with a rainbow of weird colours and disappears.

. ## § ... .. .# #
...#. .§.§
§.#.#§#.# #..#..#.
#.#...§# §§§#..##
#§§.#####
#####§§@.####.##
#...#.#...#.....
#......*.##...##
#5.#....§.....###
#...#§#.#####.#..#
#...#.§.h.###
#.####
#...§###..### ....
# .#............#
# ## ##..#.....#.
..


You could see a wretched star, a raiju and a white imp.

Vanquished Creatures
  Saint Roka (Orc:4)
  Gastronok (D:9)
  Snorg (Lair:7)
  A minotaur (Lair:4)
  Fannar (Lair:6)
  A hydra (Lair:2)
  8 death yaks
  3 orc high priests (Orc:4)
  A sun demon (Orc:4)
  Nergalle (Orc:3)
  3 hill giants (D:10)
  An unseen horror (D:10)
  An ice statue (Lair:8)
  An infernal demonspawn (Orc:4)
  8 orc knights
  A hornet (Orc:4)
  16 elephants
  7 orc sorcerers
  A sixfirhy (Orc:4)
  A cyclops (Orc:4)
  3 black mambas
  A siren (Lair:6)
  A rust devil (Orc:4)
  12 spiny frogs
  8 komodo dragons
  A hellwing (Orc:4)
  3 trolls
  The ghost of Charly the Basher, an experienced GrGl of Ashenzari (D:10)
  2 spriggan druids (Lair:8)
  A blue devil (Lair:8)
  2 fire drakes
  A merfolk (Lair:6)
  8 polar bears (Lair:8)
  A two-headed ogre (Lair:2)
  2 ravens (Lair:3)
  6 blink frogs
  8 spriggans (Lair:8)
  2 basilisks
  12 fire bats
  A trapdoor spider (Orc:4)
  54 yaks
  Eustachio (D:9)
  6 redbacks
  3 hungry ghosts
  3 wyverns
  A chaos spawn (Orc:4)
  2 neqoxecs (Orc:4)
  2 steam dragons (D:5)
  6 hippogriffs
  The ghost of eeldvark the Magician, an average DrAE (D:4)
  19 wolves
  3 wargs
  Edmund (Orc:1)
  A mottled dragon (D:10)
  2 nagas (Lair:4)
  13 porcupines
  A swamp drake (D:9)
  19 water moccasins
  An eye of draining (D:8)
  43 orc warriors
  4 sky beasts
  12 black bears
  15 ice beasts
  2 wasps (Lair:8)
  A phantom (D:10)
  A boring beetle (Lair:8)
  4 centaurs
  10 ogres
  3 big kobolds
  9 crocodiles
  The ghost of spacemonkey the Ducker, an average FeBe of Trog (D:5)
  12 giant frogs
  2 gnoll sergeants
  A wyvern zombie (D:9)
  A water moccasin skeleton (D:6)
  9 killer bees
  A water moccasin zombie (D:6)
  4 scorpions
  9 wights
  2 troll zombies (D:10)
  3 electric eels (Lair:3)
  6 crimson imps
  A quasit (D:8)
  3 goliath beetles
  2 centaur zombies (D:8)
  6 jellies
  12 hounds
  Crazy Yiuf (D:6)
  48 orc priests
  3 centaur skeletons
  3 giant frog skeletons
  28 orc wizards
  Natasha (thrice) (D:6)
  7 iguanas
  9 worker ants
  A killer bee zombie (D:7)
  29 sheep
  4 ogre zombies (D:10)
  A hound zombie (D:9)
  A hound skeleton (D:5)
  A worker ant zombie (D:6)
  26 gnolls
  47 river rats
  21 adders
  2 shadow imps
  A giant mite (D:8)
  2 white imps (Lair:8)
  A worm (D:2)
  2 adder skeletons
  An adder zombie (D:7)
  An ooze (D:5)
  233 orcs
  2 bat skeletons
  4 giant cockroaches
  36 goblins
  28 hobgoblins
  26 kobolds
  17 quokkas
  A ball python (D:4)
  5 bats
  6 giant geckos
  2 giant gecko skeletons
  4 giant newts
  A goblin skeleton (D:10)
  3 hobgoblin skeletons (D:10)
  4 hobgoblin zombies (D:10)
  7 jackals
  4 orc skeletons
  13 orc zombies
  A quokka skeleton (D:4)
  3 quokka zombies
  11 rats
  2 fungi
  5 plants
1114 creatures vanquished.

Vanquished Creatures (collateral kills)
  A hydra (Lair:4)
  A torturous demonspawn (Orc:4)
  An orc knight (Orc:4)
  A komodo dragon (Lair:7)
  A harpy zombie (Abyss:1)
  A yak (D:9)
  A phantom (D:7)
  An ogre (D:7)
  An orc warrior (Orc:4)
  Blork the orc (D:7)
  5 killer bees
  An orc priest (Orc:4)
  A jelly (D:3)
  An orc wizard (D:9)
  An adder (Lair:7)
  An orc (D:3)
  3 jackals
23 creatures vanquished.

Vanquished Creatures (others)
  A faun (Orc:4)
  An elephant (Lair:4)
  A spiny frog (Lair:4)
  An air elemental (Abyss:1)
  A red devil (Abyss:1)
  A small abomination (Abyss:1)
  A hippogriff (D:9)
  A dancing weapon (D:4)
  2 hell hounds
  A giant frog (Lair:4)
  A river rat (Lair:3)
  44 fungi
  10 plants
66 creatures vanquished.

Grand Total: 1203 creatures vanquished

Notes
Turn   | Place    | Note
--------------------------------------------------------------
     0 | D:1      | hannobal, the Formicid Fighter, began the quest for the Orb.
     0 | D:1      | Reached XP level 1. HP: 18/18 MP: 1/1
   213 | D:1      | Reached XP level 2. HP: 20/24 MP: 3/3
   835 | D:2      | Reached XP level 3. HP: 29/29 MP: 4/4
  1158 | D:2      | Found a sparkling altar of Nemelex Xobeh.
  1169 | D:2      | Became a worshipper of Nemelex Xobeh the Trickster
  1191 | D:2      | Reached skill level 4 in Polearms
  1191 | D:2      | Reached XP level 4. HP: 35/35 MP: 5/5
  1200 | D:2      | Found an iron altar of Okawaru.
  1229 | D:2      | Received a gift from Nemelex Xobeh
  1375 | D:2      | Found a glowing golden altar of the Shining One.
  1379 | D:2      | Found a burning altar of Makhleb.
  1380 | D:2      | Found a white marble altar of Elyvilon.
  1420 | D:3      | Found a stormy altar of Qazlal.
  1422 | D:3      | Found a blossoming altar of Fedhas.
  1461 | D:3      | Noticed an earth elemental
  1465 | D:3      | Found a stormy altar of Qazlal.
  1471 | D:3      | Noticed a water elemental
  1667 | D:3      | Reached skill level 1 in Evocations
  1714 | D:3      | Noticed a fire elemental
  1714 | D:3      | Noticed an air elemental
  1913 | D:3      | Received a gift from Nemelex Xobeh
  2044 | D:3      | HP: 1/35 [quokka (2)]
  2358 | D:3      | Reached XP level 5. HP: 41/41 MP: 7/7
  2554 | D:4      | Received a gift from Nemelex Xobeh
  2554 | D:4      | Noticed an ogre
  2556 | D:4      | an ogre changed into a scorpion
  2570 | D:3      | Reached skill level 5 in Polearms
  2804 | D:4      | Reached XP level 6. HP: 41/47 MP: 9/9
  2808 | D:4      | Noticed eeldvark's ghost (average DrAE)
  3075 | D:3      | Reached skill level 6 in Polearms
  3813 | D:4      | Reached XP level 7. HP: 50/52 MP: 10/10
  3898 | D:4      | Found a staircase to the Ecumenical Temple.
  3956 | D:4      | Killed eeldvark's ghost
  3956 | D:4      | Reached skill level 7 in Polearms
  4116 | Temple   | Entered the Ecumenical Temple
  4360 | D:5      | Entered Level 5 of the Dungeon
  4439 | D:5      | Noticed a yak
  4439 | D:5      | Noticed a yak
  4439 | D:5      | Noticed a yak
  4467 | D:4      | Killed a yak
  4467 | D:4      | Reached skill level 8 in Polearms
  4467 | D:4      | Reached XP level 8. HP: 17/58 MP: 12/12
  4715 | D:3      | Killed a yak
  4715 | D:3      | Reached skill level 9 in Polearms
  4764 | D:5      | Noticed spacemonkey's ghost (average FeBe)
  4786 | D:5      | Killed spacemonkey's ghost
  4786 | D:5      | Reached skill level 1 in Dodging
  4887 | D:5      | Received a gift from Nemelex Xobeh
  5025 | D:5      | Noticed a steam dragon
  5026 | D:5      | Noticed a steam dragon
  5043 | D:5      | Killed a steam dragon
  5048 | D:5      | Killed a steam dragon
  5300 | D:5      | Killed a yak
  5300 | D:5      | Reached XP level 9. HP: 55/64 MP: 16/16
  5391 | D:5      | Identified the Catalogue of Conjuration
  5633 | D:5      | Reached skill level 10 in Polearms
  6301 | D:6      | Noticed Natasha
  6309 | D:6      | Killed Natasha
  6457 | D:6      | Found a deep blue altar of Sif Muna.
  6500 | D:6      | Found a shadowy altar of Dithmenos.
  6511 | D:6      | Noticed Natasha
  6521 | D:6      | Killed Natasha
  6623 | D:6      | Received a gift from Nemelex Xobeh
  6629 | D:6      | Found a white marble altar of Elyvilon.
  6684 | D:6      | Found a basalt altar of Yredelemnul.
  6718 | D:6      | Reached skill level 11 in Polearms
  6982 | D:6      | Found a shattered altar of Ashenzari.
  7001 | D:6      | Noticed Natasha
  7017 | D:6      | Killed Natasha
  7394 | D:6      | Noticed Crazy Yiuf
  7406 | D:6      | Killed Crazy Yiuf
  7703 | D:7      | Received a gift from Nemelex Xobeh
  7849 | D:7      | Noticed Blork the orc
  7854 | D:7      | Killed Blork the orc
  8065 | D:7      | Acquired Nemelex Xobeh's first power
  8080 | D:6      | Reached XP level 10. HP: 36/71 MP: 18/18
  8629 | D:7      | Reached skill level 1 in Throwing
  8660 | D:7      | Reached skill level 5 in Fighting
  9022 | D:7      | Reached skill level 5 in Armour
  9531 | D:8      | Got a jasper-encrusted leather armour
  9590 | D:7      | Identified the +4 leather armour of the Kraken {rPois Str-5 Int+5} (You found it on level 8 of the Dungeon)
  9613 | D:7      | Reached skill level 5 in Shields
 10253 | D:8      | Reached skill level 12 in Polearms
 11224 | D:8      | Reached skill level 5 in Evocations
 11531 | D:9      | Received a gift from Nemelex Xobeh
 11533 | D:9      | Found an opulent altar of Gozag.
 11737 | D:9      | Found a staircase to the Lair.
 11761 | Lair:1   | Entered Level 1 of the Lair of Beasts
 11807 | D:9      | Reached XP level 11. HP: 80/80 MP: 21/21
 12245 | D:9      | Noticed Eustachio
 12275 | D:9      | Drew Focus: Str increased to 21, Int decreased to 8
 12289 | D:9      | Reached skill level 13 in Polearms
 12812 | D:9      | Noticed Gastronok
 13170 | D:9      | Killed Eustachio
 13217 | D:9      | Received a gift from Nemelex Xobeh
 13445 | D:9      | Killed Gastronok
 13445 | D:9      | Reached skill level 14 in Polearms
 13621 | D:9      | Acquired Nemelex Xobeh's second power
 14253 | D:9      | HP: 2/80 [orc priest/divine providence (15)]
 14851 | Lair:1   | Received a gift from Nemelex Xobeh
 15252 | Lair:1   | Found an iron altar of Okawaru.
 15654 | Lair:2   | Noticed a five-headed hydra
 15711 | Lair:2   | Reached skill level 15 in Polearms
 15918 | Lair:1   | Reached XP level 12. HP: 63/86 MP: 22/22
 17072 | Lair:2   | Received a gift from Nemelex Xobeh
 17230 | Lair:2   | Reached skill level 16 in Polearms
 17485 | D:10     | Entered Level 10 of the Dungeon
 18406 | D:10     | Noticed Charly's ghost (experienced GrGl)
 18464 | D:10     | Killed Charly's ghost
 18567 | D:10     | HP: 3/86 [troll (16)]
 18579 | D:10     | HP: 4/86 [troll (17)]
 18870 | D:10     | Found Mameku's Armour Shoppe.
 18879 | D:10     | Bought a +0 pair of gloves for 63 gold pieces
 19114 | D:10     | Found a staircase to the Orcish Mines.
 19456 | D:10     | Received a gift from Nemelex Xobeh
 19472 | D:10     | Identified a scroll of acquirement
 19640 | D:10     | Reached skill level 17 in Polearms
 20049 | Orc:1    | Entered Level 1 of the Orcish Mines
 20399 | D:10     | Reached XP level 13. HP: 71/92 MP: 23/23
 21430 | Lair:2   | Received a gift from Nemelex Xobeh
 21618 | Lair:2   | Killed a five-headed hydra
 21618 | Lair:2   | Reached skill level 18 in Polearms
 22294 | Lair:3   | Received a gift from Nemelex Xobeh
 23519 | Lair:4   | Got a pitted trident
 23520 | Lair:4   | Identified the +6 trident "Uxathis" {pierce, Int+3} (You found it on level 4 of the Lair of Beasts)
 23530 | Lair:4   | Received a gift from Nemelex Xobeh
 23737 | Lair:4   | Found a staircase to the Snake Pit.
 23870 | Lair:4   | Noticed a minotaur
 23870 | Lair:4   | a nine-headed hydra changed into a minotaur
 23871 | Lair:4   | Killed a minotaur
 23871 | Lair:4   | Reached skill level 1 in Crossbows
 23981 | Lair:4   | Reached skill level 19 in Polearms
 24333 | Lair:4   | Received a gift from Nemelex Xobeh
 24924 | Lair:5   | Reached XP level 14. HP: 94/98 MP: 24/24
 24958 | Lair:5   | Received a gift from Nemelex Xobeh
 25553 | Lair:5   | Acquired Nemelex Xobeh's third power
 25591 | Lair:5   | Received a gift from Nemelex Xobeh
 25974 | Lair:5   | Reached skill level 20 in Polearms
 26106 | Lair:6   | Noticed Fannar
 26143 | Lair:6   | Killed Fannar
 26241 | Lair:6   | Found an ancient bone altar of Kikubaaqudgha.
 26315 | Lair:6   | Found a staircase to the Shoals.
 27098 | Lair:7   | Received a gift from Nemelex Xobeh
 27142 | Lair:7   | Found a staircase to the Slime Pits.
 27374 | Lair:7   | Noticed Snorg
 27388 | Lair:7   | Killed Snorg
 27807 | Lair:7   | Received a gift from Nemelex Xobeh
 27893 | Lair:7   | Got a bloodstained hand crossbow
 27894 | Lair:7   | Identified the cursed +1 hand crossbow "Shapneaw" {freeze, rF+ Str-3 Dex+2} (You found it on level 7 of the Lair of Beasts)
 28169 | Lair:7   | Reached skill level 5 in Dodging
 28517 | Lair:8   | Entered Level 8 of the Lair of Beasts
 28751 | Lair:7   | Reached XP level 15. HP: 105/105 MP: 25/25
 29370 | Lair:8   | Received a gift from Nemelex Xobeh
 30107 | Lair:8   | Got a brightly glowing battleaxe
 30157 | Lair:7   | Identified the +8 battleaxe of Chunlil {chop, rF+ Str+3} (You found it on level 8 of the Lair of Beasts)
 30637 | Orc:1    | Noticed Edmund
 30641 | Orc:1    | Killed Edmund
 30883 | Orc:1    | Found an iron altar of Okawaru.
 30982 | Orc:2    | Reached skill level 21 in Polearms
 31002 | Orc:2    | Received a gift from Nemelex Xobeh
 31049 | Orc:2    | Found a flagged portal.
 31068 | Bailey   | Entered a bailey
 31234 | Bailey   | Got a warped quarterstaff
 31241 | Bailey   | Got a thick robe
 31325 | Bailey   | Identified the +1 robe of a labyrinth {MR+ Dex+4} (You found it in a bailey)
 31335 | Bailey   | Identified the +4 quarterstaff of Prap {holy, rElec Dex+2} (You found it in a bailey)
 32297 | Orc:3    | Received a gift from Nemelex Xobeh
 32441 | Orc:3    | Found a roughly hewn altar of Beogh.
 32597 | Orc:3    | Noticed Nergalle
 32609 | Orc:3    | Killed Nergalle
 33060 | Orc:4    | Entered Level 4 of the Orcish Mines
 33060 | Orc:4    | Received a gift from Nemelex Xobeh
 33542 | Orc:4    | Found a staircase to the Elven Halls.
 33573 | Orc:4    | Noticed Saint Roka
 33742 | Orc:4    | Killed Saint Roka
 34256 | Orc:4    | Reached skill level 10 in Shields
 34732 | Orc:4    | Reached XP level 16. HP: 117/117 MP: 26/26
 34797 | Orc:4    | Found Klaisu's Food Boutique.
 34808 | Orc:4    | Found Lutur's Food Shop.
 35259 | Orc:4    | Gained mutation: [You are frail (-10% HP).] [a neqoxec]
 35262 | Orc:4    | Gained mutation: Armour fits poorly on your strangely shaped body. [a neqoxec]
 35263 | Orc:4    | Gained mutation: You can breathe flames. [a neqoxec]
 35274 | Orc:4    | Gained mutation: [You are clumsy. (Dex -2)] [a neqoxec]
 35276 | Orc:4    | Gained mutation: You heal slowly when monsters are visible. [a neqoxec]
 35806 | Orc:4    | Cast into the Abyss (drawing a card)
 35876 | Abyss:1  | Lost intelligence.
 35880 | Abyss:1  | Killed from afar by a wretched star

Action                   |  1- 3 |  4- 6 |  7- 9 | 10-12 | 13-15 | 16-18 || total
-------------------------+-------+-------+-------+-------+-------+-------++-------
Melee: Trident           |   112 |   210 |   607 |   353 |       |       ||  1282
       Halberd           |       |       |     3 |   630 |       |       ||   633
       Glaive            |       |       |       |   316 |    32 |       ||   348
       Bardiche          |       |       |       |    71 |  1481 |   154 ||  1706
 Fire: Hunting sling     |     4 |       |       |    11 |       |       ||    15
       Arbalest          |       |       |       |       |    12 |       ||    12
Throw: Stone             |     1 |       |     2 |       |       |       ||     3
       Tomahawk          |       |       |    19 |    27 |    25 |       ||    71
       Javelin           |       |       |       |     1 |       |       ||     1
Invok: Deal Four         |       |       |       |     2 |     3 |       ||     5
       Triple Draw       |       |       |       |     1 |       |       ||     1
       Stack Five        |       |       |       |       |     3 |       ||     3
 Abil: Dig               |       |     1 |     4 |     8 |     6 |       ||    19
       Evoke Flight      |       |       |       |       |     4 |       ||     4
Evoke: Deck              |     2 |    10 |     5 |    34 |     9 |    17 ||    77
       Wand              |       |       |       |    10 |     5 |     1 ||    16
       Fan of gales      |       |       |       |       |     1 |     1 ||     2
  Use: Potion            |     2 |     1 |     2 |     1 |     2 |     1 ||     9
       Scroll            |     6 |     5 |     7 |    11 |    14 |       ||    43
 Stab: Distracted        |       |       |       |     2 |     2 |       ||     4
       Sleeping          |       |       |       |     2 |     1 |       ||     3
  Eat: Chunk             |     1 |     7 |    12 |    32 |    46 |     5 ||   103
       Beef jerky        |       |     1 |       |     2 |       |       ||     3
       Pizza             |       |       |     2 |       |     1 |       ||     3
       Fruit             |       |       |       |    11 |    13 |       ||    24
       Royal jelly       |       |       |       |       |     1 |       ||     1
